Map: World of Sleepers LE

Players

ShoWTimE - Winner!

  • Race: Protoss Protoss
  • Spawn Location: 1:00

LsEbA

  • Race: Zerg Zerg
  • League: Master
  • Spawn Location: 7:00

Event: NationWars 2019

VOD

Have the link to the VOD?

Description

Time

  • Played on: Oct. 11, 2019, 12:08 p.m.
  • Length: 8:55
Show
View Real Time Build Order
Export as new Build Order

ShoWTimE Protoss - Winner!

Build Orders: 1 Gate Expand, Oracle Opening, Phoenix Opening, Zealot Archon 

Get SALT Encoding   

  12  0:00  Probe  
  13  0:12  Probe  
  14  0:19  Pylon  
  14  0:25  Probe  
  15  0:37  Probe (Chrono Boost)  
  15  0:40  Gateway  
  16  0:47  Assimilator  
  16  0:48  Probe (Chrono Boost)  
  17  0:52  Probe (Chrono Boost)  
  18  1:04  Probe  
  19  1:16  Probe  
  20  1:24  Nexus  
  20  1:28  Probe  
  21  1:38  Cybernetics Core  
  21  1:43  Assimilator  
  21  1:44  Probe  
  22  1:52  Pylon  
  22  1:57  Probe  
  23  2:10  Probe  
  23  2:11  Adept (Chrono Boost)  
  26  2:15  Stargate  
  26  2:22  Probe  
  27  2:23  Warp Gate  
  27  2:34  Adept  
  27  2:35  Probe (Chrono Boost)  
  27  2:36  Probe (Chrono Boost)  
  32  2:46  Probe x2 (Chrono Boost)  
  32  2:50  Probe (Chrono Boost)  
  33  2:51  Probe (Chrono Boost)  
  35  3:00  Phoenix (Chrono Boost)  
  35  3:01  Probe  
  35  3:02  Probe  
  39  3:08  Pylon  
  39  3:13  Probe  
  39  3:14  Probe  
  41  3:21  Oracle (Chrono Boost)  
  41  3:24  Gateway  
  41  3:25  Probe  
  45  3:29  Shield Battery  
  45  3:37  Probe x2  
  47  3:45  Gateway  
  47  3:50  Oracle (Chrono Boost)  
  47  3:53  Pylon  
  50  3:57  Probe x2  
  50  3:58  Assimilator  
  50  4:01  Assimilator  
  52  4:04  Pylon  
  52  4:09  Probe x2  
  54  4:12  Sentry  
  56  4:21  Probe x2  
  58  4:30  Oracle  
  61  4:33  Probe x2  
  61  4:35  Stalker  
  61  4:38  Pylon  
  65  4:40  Zealot  
  67  4:45  Probe  
  67  4:46  Probe, Pylon  
  69  4:56  Gateway x2  
  69  4:58  Probe x2  
  71  5:03  Adept x2  
  75  5:07  Robotics Facility  
  75  5:10  Probe x2  
  75  5:11  Twilight Council  
  77  5:22  Probe  
  78  5:28  Probe  
  78  5:30  Nexus  
  78  5:32  Pylon  
  78  5:34  Probe  
  80  5:35  Pylon  
  80  5:40  Probe  
  81  5:45  Gateway  
  81  5:46  Probe, Gateway, Charge (Chrono Boost)  
  81  5:47  Sentry x2  
  86  5:52  Probe  
  86  5:54  Templar Archives  
  86  5:55  Observer  
  88  5:58  Probe  
  88  6:00  Shield Battery  
  89  6:05  Probe  
  89  6:07  Forge  
  89  6:09  Unknown  
  89  6:10  Probe  
  91  6:17  Probe  
  91  6:18  Immortal (Chrono Boost)  
  92  6:20  Pylon  
  92  6:23  Pylon  
  96  6:27  Zealot x2  
  100  6:33  Zealot  
  102  6:42  High Templar x2  
  102  6:46  Archon  
  106  6:50  Immortal  
  107  6:55  Protoss Ground Weapons Level 1 (Chrono Boost)  
  107  6:57  Zealot x4  
  115  7:05  Gateway  
  115  7:06  Gateway, Shield Battery  
  115  7:08  Pylon  
  115  7:20  High Templar x2  
  119  7:24  Archon  
  119  7:25  Probe x3 (Chrono Boost)  
  119  7:27  Zealot x4  
  116  7:36  Probe x3 (Chrono Boost)  
  115  7:41  Probe x3 (Chrono Boost)  
  118  7:47  Zealot x4  
  121  7:51  Probe x3  
  121  7:54  High Templar x2  
  117  7:59  Archon  
  117  8:00  High Templar x2  
  117  8:01  Warp Prism  
  117  8:03  Probe  
  117  8:04  Pylon  
  124  8:06  Archon  
  124  8:08  Probe  
  124  8:09  Probe  
  126  8:14  Nexus  
  126  8:19  High Templar x2  
  130  8:23  Archon  
  130  8:29  High Templar x2  
  130  8:33  Pylon  
  134  8:34  Archon  
  134  8:35  Pylon  
  134  8:39  Zealot x4  
  134  8:45  Photon Cannon  
  134  8:47  Shield Battery  
Show
View Real Time Build Order
Export as new Build Order

LsEbA Zerg 

Build Orders: Hatch First 

Get SALT Encoding   

  12  0:01  Drone  
  13  0:12  Overlord  
  13  0:16  Drone  
  14  0:31  Drone x2  
  14  0:35  Drone  
  17  0:45  Drone  
  18  0:57  Hatchery  
  18  0:58  Drone  
  18  1:03  Extractor  
  17  1:12  Spawning Pool  
  17  1:15  Drone  
  17  1:18  Drone  
  18  1:28  Drone  
  19  1:39  Drone  
  20  1:55  Overlord  
  20  1:59  Queen  
  22  2:01  Overlord  
  22  2:09  Queen  
  22  2:11  Metabolic Boost, Drone  
  25  2:16  Zergling x2  
  25  2:20  Drone  
  27  2:23  Zergling x2  
  28  2:31  Zergling x2  
  28  2:32  Drone  
  30  2:46  Zergling x2  
  30  2:47  Hatchery  
  30  2:48  Zergling x2  
  31  2:55  Zergling x4  
  32  3:04  Zergling x2  
  32  3:05  Zergling x2  
  34  3:07  Zergling x2  
  34  3:08  Zergling x2  
  34  3:10  Drone  
  37  3:14  Drone  
  37  3:18  Drone  
  37  3:19  Drone x2  
  41  3:20  Drone  
  42  3:30  Overlord  
  42  3:31  Queen  
  43  3:43  Evolution Chamber  
  43  3:44  Drone  
  42  3:49  Drone x2  
  44  3:58  Pneumatized Carapace  
  44  3:59  Drone  
  44  4:00  Drone x5  
  44  4:02  Overlord  
  50  4:09  Zerg Melee Weapons Level 1  
  50  4:17  Overlord x2  
  50  4:19  Queen  
  50  4:20  Drone  
  50  4:21  Drone  
  50  4:23  Drone  
  55  4:26  Drone  
  55  4:27  Drone x2  
  57  4:32  Spore Crawler  
  57  4:36  Spore Crawler, Drone x2  
  57  4:39  Drone x2  
  57  4:41  Drone  
  57  4:45  Extractor  
  58  4:46  Extractor  
  58  4:48  Lair  
  58  4:49  Drone  
  58  4:51  Drone  
  58  4:52  Drone  
  54  4:55  Drone  
  47  5:00  Drone  
  47  5:02  Drone x2  
  50  5:07  Drone  
  50  5:08  Drone  
  50  5:12  Drone  
  53  5:14  Drone  
  53  5:20  Baneling Nest  
  52  5:22  Drone x3  
  52  5:25  Drone  
  52  5:26  Drone  
  52  5:27  Drone  
  58  5:29  Drone  
  57  5:38  Drone  
  57  5:39  Drone x3  
  57  5:44  Zergling x10  
  57  5:46  Zergling x4  
  57  5:48  Zergling x2  
  57  5:49  Zergling x2  
  66  6:01  Overlord x4  
  66  6:03  Centrifical Hooks  
  66  6:09  Zerg Melee Weapons Level 2  
  66  6:13  Overlord  
  66  6:19  Zergling x4  
  66  6:20  Zergling x12  
  75  6:25  Zergling x2  
  75  6:26  Extractor  
  75  6:28  Zergling x2  
  75  6:29  Zergling x2  
  75  6:30  Zergling x4  
  78  6:36  Zergling x4  
  78  6:37  Zergling x2  
  78  6:38  Zergling x4  
  80  6:42  Zergling x8  
  80  6:44  Zergling x2  
  79  6:48  Zergling x2  
  79  6:52  Zergling x2  
  79  6:53  Zergling x2  
  78  6:57  Zergling x2  
  78  6:59  Baneling x9  
  78  7:00  Baneling x5  
  78  7:01  Baneling x2  
  79  7:03  Baneling x2  
  79  7:04  Baneling  
  79  7:05  Baneling  
  79  7:07  Baneling  
  79  7:08  Zergling x2  
  80  7:10  Zergling x2  
  80  7:12  Zergling x4  
  80  7:14  Zergling x2  
  80  7:15  Zergling x2  
  85  7:17  Zergling x2  
  85  7:20  Zergling x4  
  85  7:21  Zergling x2  
  86  7:26  Zergling x2  
  86  7:27  Zergling x2  
  86  7:28  Zergling x4  
  86  7:29  Baneling x2  
  81  7:32  Zergling x2  
  81  7:34  Zergling x2  
  75  7:39  Overseer  
  75  7:41  Zergling x6  
  75  7:43  Zergling x2  
  76  7:45  Zergling x2  
  65  7:53  Zergling x4  
  65  7:58  Zergling x2  
  63  8:00  Baneling x4  
  64  8:05  Zergling x4  
  64  8:07  Zergling x2  
  64  8:08  Queen  
  64  8:11  Zergling x6  
  71  8:13  Zergling x6  
  71  8:15  Zergling x2  
  71  8:16  Zergling x2  
  75  8:20  Zergling x2  
  75  8:21  Hydralisk Den  
  75  8:25  Zergling x2  
  75  8:27  Zergling x2  
  75  8:29  Zergling x2  
  74  8:36  Zergling x2  
Tags
 
Add a new tag
Caveats
  • Supply blocks, unpowered buildings, or Contaminate may cause inaccurate times.
  • Supply counts are checked every 10 seconds.